 Dungeon Crawl Stone Soup version 0.30.1-11-g7821555f0a (webtiles) character file.

Game seed: 10475363232384540775

212 Peloso the Covered (level 5, -2/47 HPs)
             Began as a Minotaur Fighter on Dec 22, 2023.
             Slain by a gnoll
             ... wielding a +0 halberd
             ... led by a gnoll sergeant
              (7 damage)
             ... on level 6 of the Dungeon.
             The game lasted 00:04:57 (2785 turns).

Peloso the Covered (Minotaur Fighter)               Turns: 2785, Time: 00:04:57

Health: -2/47      AC:  7    Str: 26    XL:     5   Next: 58%
Magic:  0/4        EV: 10    Int:  5    God:
Gold:   227        SH:  5    Dex: 12    Spells: 4/4 levels left

rFire   . . .        a - +0 long sword
rCold   . . .        d - +0 buckler
rNeg    + . .        b - +0 scale mail
rPois   .            (helmet restricted)
rElec   .            c - scarf {shadows}
rCorr   .            (no gloves)
SInv    .            (no boots)
Will    .....        t - amulet of guardian spirit Stlth
                     e - ring of positive energy
HPRegen 0.27/turn    h - +6 ring of strength
MPRegen 0.09/turn

%: guardian spirit
@: no status effects
A: horns 2, retaliatory headbutt
a: no special abilities


You were on level 6 of the Dungeon.
You visited 1 branch of the dungeon, and saw 5 of its levels.

You collected 227 gold pieces.

Inventory:

Hand Weapons
 a - a +0 long sword (weapon)
Missiles
 o - a throwing net (quivered)
Armour
 b - a +0 scale mail (worn)
 c - a scarf of shadows (worn)
 d - a +0 buckler (worn)
Jewellery
 e - a ring of positive energy (left hand)
 h - a +6 ring of strength (right hand)
 t - an amulet of guardian spirit (around neck)
Wands
 p - a wand of flame (9)
Scrolls
 f - a scroll of immolation
 g - 5 scrolls of identify {unknown}
 j - 2 scrolls of teleportation {unknown}
 m - a scroll of fog {unknown}
 n - a scroll of vulnerability {unknown}
 q - a scroll of poison {unknown}
 r - a scroll of enchant armour {unknown}
Potions
 k - a potion of might
 l - a potion of curing
 s - a potion of brilliance {unknown}


   Skills:
 + Level 4.3 Fighting
 + Level 4.2 Long Blades
 + Level 5.3 Armour
 + Level 0.6 Dodging
 + Level 4.9 Shields


You had 4 spell levels left.
You didn't know any spells.
Your spell library contained the following spells:

 Spells                   Type           Power      Damage    Failure   Level
 Slow                     Hex            0%         N/A       80%         1
 Summon Small Mammal      Summ           0%         N/A       80%         1
 Call Canine Familiar     Summ           0%         N/A       99%         3
 Confusing Touch          Hex            0%         N/A       99%         3
 Summon Guardian Golem    Hex/Summ       0%         N/A       99%         3
 Vampiric Draining        Necr           0%         2d6       99%         3


Dungeon Overview and Level Annotations

Branches:
Dungeon (4/15)
 Temple: D:4-7

Altars:


Innate Abilities, Weirdness & Mutations

You have a pair of horns on your head.
You reflexively headbutt those who attack you in melee.


Message History

The gnoll hits you with a +0 club.
Unknown command.
You closely miss the gnoll sergeant.
The gnoll sergeant is severely wounded.
The gnoll closely misses you. The gnoll hits you with a +0 club.
* * * LOW HITPOINT WARNING * * *
Unknown command.
You hit the gnoll sergeant.
The gnoll sergeant is severely wounded.
You block the gnoll sergeant's attack. The gnoll hits you but does no damage.
The gnoll hits you from afar with a +0 halberd!
* * * LOW HITPOINT WARNING * * *
Unknown command.
You feel much better. The gnoll barely misses you. You furiously retaliate!
You headbutt the gnoll! The gnoll sergeant barely misses you.
The gnoll hits you from afar with a +0 halberd.
Unknown command.
You hit the gnoll sergeant.
The gnoll sergeant is almost dead.
The gnoll closely misses you.
The gnoll hits you from afar with a +0 halberd!
The gnoll sergeant barely misses you.
Unknown command.
You hit the gnoll sergeant but do no damage.
You headbutt the gnoll sergeant, but do no damage.
The gnoll sergeant is almost dead.
The gnoll hits you with a +0 club.
The gnoll hits you from afar with a +0 halberd!
* * * LOW HITPOINT WARNING * * *
You block the gnoll sergeant's attack. The gnoll hits you but does no damage.
The gnoll closely misses you.
You barely miss the gnoll sergeant.
The gnoll sergeant is almost dead.
The gnoll barely misses you. The gnoll hits you with a +0 club.
* * * LOW HITPOINT WARNING * * *
Unknown command.
You completely miss the gnoll sergeant. You headbutt the gnoll sergeant.
You kill the gnoll sergeant!
The gnoll hits you from afar with a +0 halberd!
You die...

##############
#.....##.....#
#....)#..[...#
#.....@gg...≈≈≈.
#....)≈).....≈...
#.)...≈~......).$.
#.....#≈~....#....
#.....#.≈..≈.#....
#.....##.#.≈.#
#....≈≈~##≈≈.#
#......≈.
#......≈.


You could see 2 gnolls.

Vanquished Creatures
  A gnoll sergeant (D:6)
  A hound (D:4)
  An orc wizard (D:2)
  3 gnolls
  4 adders
  An ufetubus (D:3)
  2 worms
  2 dart slugs
  4 orcs
  5 ball pythons
  7 bats
  5 endoplasms
  4 goblins
  3 hobgoblins
  8 jackals
  2 quokkas
  5 frilled lizards
  11 kobolds
  7 rats
76 creatures vanquished.

Notes
Turn   | Place    | Note
-------+----------+-------------------------------------------
     0 | D:1      | Peloso the Minotaur Fighter began the quest for the Orb.
     0 | D:1      | Reached XP level 1. HP: 19/19 MP: 0/0
    67 | D:1      | Reached skill level 4 in Armour
   117 | D:1      | Found a faded altar of an unknown god.
   135 | D:1      | Reached XP level 2. HP: 27/27 MP: 1/1
   522 | D:1      | Reached XP level 3. HP: 33/33 MP: 2/2
  1648 | D:3      | Reached XP level 4. HP: 37/40 MP: 3/3
  2118 | D:2      | Reached XP level 5. HP: 25/47 MP: 4/4
  2479 | D:3      | Reached skill level 5 in Armour
  2735 | D:4      | You fall into a shaft and drop 2 floors!
  2785 | D:6      | Slain by a gnoll

Illustrated notes

Levels and vault maps discovered:
D:1:      lemuel_arrival_rhombus, layout_basic,
          hellmonk_ecumenical_altar_blasted
D:2:      layout_basic, reono_crystal_passage, minmay_misc_feat_diagonals,
          minmay_tiny_reverse_x
D:3:      layout_loops_cross
D:4:      layout_rooms, mainiacjoe_overflow_catwalk,
          mainiacjoe_overflow_surrounded_room, serial_shops,
          nicolae_shop_tiny_waterfront
D:6:      layout_gridville, minmay_temple_entry_overgrown, st_stairs_8,
          grunt_decor_resistance, chequers_serial_rivers_small_b

Skill      XL: |  1  2  3  4  5 |
---------------+----------------+-----
Armour         | 4 5 |  5.3
Fighting       | 4 |  4.3
Shields        | 4 |  4.9
Long Blades    | 3 4 |  4.2
Dodging        | |  0.6

Action                     |  1- 3 |  4- 6 || total
---------------------------+-------+-------++-------
  Melee: Long sword        |    90 |    79 ||   169
         Headbutt          |    12 |    13 ||    25
    Use: Potion            |     4 |     2 ||     6
 Armour: Scale mail        |    41 |    46 ||    87
  Dodge: Dodged            |    42 |    58 ||   100
  Block: Buckler           |    22 |    26 ||    48
